 Dungeon Crawl Stone Soup version 0.23.2-40-g277498a001 (webtiles) character file.

Game seed: 11671249882771889822

115 HarlemGrape the Conjurer (level 5, 0/35 HPs)
             Began as a Human Conjurer on May 26, 2019.
             Was an Initiate of Zin.
             Slain by a jackal (1 damage)
             ... on level 2 of the Dungeon on Oct 5, 2019.
             The game lasted 00:24:22 (2660 turns).

HarlemGrape the Conjurer (Human Conjurer)           Turns: 2660, Time: 00:24:23

Health: 0/35       AC:  2    Str:  8    XL:     5   Next: 20%
Magic:  7/10       EV:  8    Int: 17    God:    Zin [......]
Gold:   100        SH:  9    Dex: 13    Spells: 10/11 levels left

rFire    . . .     SeeInvis .   c - +2 dagger (holy)
rCold    . . .     Gourm    .   e - +0 large shield
rNeg     . . .     Faith    .   a - +0 robe
rPois    .         Spirit   .   (no helmet)
rElec    .         Reflect  .   (no cloak)
rCorr    .         Harm     .   (no gloves)
MR       .....                  (no boots)
Stlth    ++........             (no amulet)
HPRegen  0.11/turn              (no ring)
MPRegen  0.12/turn              (no ring)

@: lethally poisoned (0 -> -2), very slightly contaminated
A: no striking features
a: Donate Gold, Renounce Religion


You were on level 2 of the Dungeon.
You worshipped Zin.
Zin was noncommittal.
You were not hungry.

You visited 1 branch of the dungeon, and saw 3 of its levels.

You collected 111 gold pieces.
You donated 11 gold pieces to Zin.

Inventory:

Hand Weapons
 c - a +2 dagger of holy wrath (weapon)
 f - a +1 club
Missiles
 h - 56 arrows
 i - 17 stones (quivered)
Armour
 a - a +0 robe (worn)
 e - a +0 large shield (worn)
Potions
 b - 2 potions of magic
 g - a potion of degeneration {unknown}
 l - a potion of resistance {unknown}


   Skills:
 + Level 2.9 Dodging
 - Level 2.0 Stealth
 * Level 3.5 Spellcasting
 + Level 4.6 Conjurations


You had 10 spell levels left.
You knew the following spells:

 Your Spells              Type           Power        Failure   Level  Hunger
a - Magic Dart            Conj           ###.         54%         1    None

Your spell library contained the following spells:

 Spells                   Type           Power        Failure   Level  Hunger
 Searing Ray              Conj           ###...       67%         2    ##.....
 Dazzling Spray           Conj/Hex       ##....       99%         3    ###....
 Iskenderun's Mystic Bla  Conj           ###.....     99%         4    ####...
 Force Lance              Conj/Tloc      ##......     100%        4    ####...
 Fulminant Prism          Conj/Hex       ##........   100%        4    ####...


Dungeon Overview and Level Annotations

Branches:
Dungeon (3/15)

Altars:
Zin


Message History

The adder bites you but does no damage. The quokka bites you.
* * * LOW HITPOINT WARNING * * *
You hit the adder but do no damage.
The adder is almost dead.
You feel sick. The jackal bites you.
* * * LOW HITPOINT WARNING * * *
You block the jackal's attack. The adder bites you.
* * * LOW HITPOINT WARNING * * *
The quokka barely misses you. The jackal barely misses you.
The jackal bites you.
* * * LOW HITPOINT WARNING * * *
You block the adder's attack.
You miss the jackal. You block the quokka's attack.
You block the jackal's attack. The jackal barely misses you.
The adder bites you.
* * * LOW HITPOINT WARNING * * *
The quokka bites you. Zin protects you from harm! The jackal bites you.
You die...

.'.....# #.........#
.#.....# #.........#
.......####.........#
.......##...........#
.......##...........#
..############......#
#.# ######......# #.#
#$$$###rSh..# #.#
##$$$####@#### #.#
###$### #h# #.#
#.###.# #.# #.#
#.._..# #.# #.#
#.....# #.# #.#
###'### #.# #.# #..#
#.# #.# #.## #.# #.#
###)######.#


You could see an adder, a quokka and 2 jackals.

Vanquished Creatures
  Jessica (D:2)
  2 adders (D:2)
  An ooze (D:1)
  A worm (D:2)
  4 dart slugs
  2 leopard geckos
  A giant cockroach (D:2)
  12 goblins
  8 hobgoblins
  A quokka (D:2)
  3 ball pythons
  2 bats (D:1)
  2 frilled lizards (D:2)
  7 kobolds
  5 rats
52 creatures vanquished.

Notes
Turn   | Place    | Note
-------+----------+-------------------------------------------
     0 | D:1      | HarlemGrape the Human Conjurer began the quest for the Orb.
     0 | D:1      | Reached XP level 1. HP: 13/13 MP: 3/3
   162 | D:1      | Reached XP level 2. HP: 19/19 MP: 0/5
   481 | D:1      | Reached XP level 3. HP: 24/24 MP: 0/6
  1443 | D:2      | Reached XP level 4. HP: 3/30 MP: 3/8
  1712 | D:2      | Upgraded the game from 0.23.2-1-ga50397a6bc to
                  | 0.23.2-40-g277498a001
  2129 | D:2      | Noticed Jessica
  2137 | D:2      | Killed Jessica
  2137 | D:2      | Reached XP level 5. HP: 23/35 MP: 1/10
  2293 | D:2      | Found a glowing silver altar of Zin.
  2329 | D:2      | Became a worshipper of Zin the Law-Giver
  2329 | D:2      | Reached * piety under Zin
  2656 | D:2      | HP: 1/35 [jackal (2)]
  2660 | D:2      | Zin protects you from harm!
  2660 | D:2      | Slain by a jackal

Skill      XL: |  1  2  3 |
---------------+----------+-----
Spellcasting   | 3 |  3.5
Dodging        | |  2.9
Stealth        | |  2.0
Conjurations   | |  4.6

Action                   |  1- 3 |  4- 6 || total
-------------------------+-------+-------++-------
Melee: Unarmed           |     9 |       ||     9
       Club              |    18 |    29 ||    47
       Dagger            |       |     9 ||     9
 Cast: Magic Dart        |    78 |    43 ||   121
  Use: Scroll            |       |     6 ||     6
       Potion            |       |     1 ||     1
  Eat: Chunk             |     2 |       ||     2
       Ration            |       |     2 ||     2
Armor: Robe              |     9 |    13 ||    22
Dodge: Dodged            |    35 |    51 ||    86
Block: Large shield      |       |    18 ||    18
